 Dungeon Crawl Stone Soup version 0.17-a0-870-gcb215c1 (webtiles) character file.

142251 kroki the Severer (level 16, -1/157 HPs)
             Began as a Demonspawn Berserker on Apr 28, 2015.
             Was the Champion of Trog.
             Succumbed to a glaive of venom's poison
             ... on level 2 of the Elven Halls on Apr 29, 2015.
             The game lasted 01:02:23 (24957 turns).

kroki the Severer (Demonspawn Berserker)           Turns: 24957, Time: 01:02:23

Health: -1/157     AC: 29    Str: 20    XL:     16   Next: 80%
Magic:  1/14       EV: 18    Int:  9    God:    Trog [******]
Gold:   1174       SH:  0    Dex: 17    Spells: 0 memorised, 15 levels left

rFire  + . .     SeeInvis .     W - +9 battleaxe (vamp) {god gift}
rCold  + . .     Clarity  .     P - +2 chain mail {rC+}
rNeg   . . .     SustAb   .     (no shield)
rPois  .         Gourm    .     (helmet unavailable)
rElec  .         Spirit   +     u - +2 cloak {MR+}
rCorr  +         Warding  .     R - +2 pair of gloves
rMut   .         Stasis   .     n - +2 pair of boots
MR     ++++.                    Z - amulet of regeneration
Stlth  ..........               X - +3 ring of evasion
                                i - ring of protection from fire

@: lethally poisoned (-1 -> -28), exhausted, regenerating, slowed, very slow,
incredibly resistant to hostile enchantments, extremely unstealthy
A: horns 3, talons 1, yellow scales 3, camouflage 1, clumsy 1, demonic guardian
1, deterioration 1, low mp 1, robust 2, spit poison 2, strong 1, wild magic 2,
magic shield, no device heal 1, MP-powered wands
a: Spit Poison, Burn Spellbooks, Berserk, Trog's Hand, Brothers in Arms,
Renounce Religion


You were on level 2 of the Elven Halls.
You worshipped Trog.
Trog was exalted by your worship.
You were near starving.

You visited 4 branches of the dungeon, and saw 29 of its levels.
You also visited: Ossuary.

You collected 3368 gold pieces.
You spent 2194 gold pieces at shops.

Inventory:

Hand weapons
 G - a +3 executioner's axe of chopping {god gift}
   (Trog gifted it to you on level 2 of the Elven Halls)
 N - a +7 antimagic battleaxe {god gift}
   (Trog gifted it to you on level 2 of the Orcish Mines)
 W - a +9 vampiric battleaxe (weapon) {god gift}
   (Trog gifted it to you on level 4 of the Orcish Mines)
Missiles
 e - 681 stones (quivered)
 q - 2 throwing nets
Armour
 f - the +1 pair of gloves of the Dropbear {-Tele rF+ rN+ Int+5}
   (You found it on level 1 of the Elven Halls)

   It affects your intelligence (+5).
   It protects you from fire.
   It protects you from negative energy.
   It prevents most forms of teleportation.
 n - a +2 pair of boots (worn)
   (You found it on level 9 of the Dungeon)
 u - a +2 cloak of magic resistance (worn)
   (You found it on level 1 of the Elven Halls)
 P - a +2 chain mail of cold resistance (worn)
   (You took it off a deep elf knight on level 2 of the Elven Halls)
 R - a +2 pair of gloves (worn)
   (You found it on level 1 of the Lair of Beasts)
Jewellery
 i - a ring of protection from fire (left hand)
   (You found it on level 2 of the Dungeon)
 r - an uncursed ring of sustain abilities
   (You found it on level 3 of the Dungeon)
 X - a +3 ring of evasion (right hand)
   (You found it on level 5 of the Lair of Beasts)
 Z - an amulet of regeneration (around neck)
   (You found it on level 8 of the Lair of Beasts)
Magical devices
 g - a wand of teleportation (2)
   (You took it off Azrael on level 15 of the Dungeon)
 p - a wand of draining (8)
   (You found it on level 2 of the Elven Halls)
 x - a wand of disintegration (7)
   (You bought it in a shop on level 1 of the Elven Halls)
 C - a wand of digging (10)
   (You found it on level 8 of the Lair of Beasts)
 H - a wand of heal wounds (2)
   (You found it on level 12 of the Dungeon)
 I - a wand of teleportation (4)
   (You found it on level 10 of the Dungeon)
 L - a wand of enslavement (11)
   (You bought it in a shop on level 9 of the Dungeon)
Scrolls
 j - 7 scrolls of remove curse
 m - 6 scrolls of fog
 o - a scroll of enchant weapon
 w - 3 scrolls of fear
 B - 5 scrolls of teleportation
 E - 4 scrolls of blinking
 F - a scroll of silence
 K - 2 scrolls of immolation
 M - 3 scrolls of recharging
 Y - 6 scrolls of identify
Potions
 a - a potion of might
 b - 2 potions of lignification
 d - a potion of ambrosia
 k - 6 potions of heal wounds
 l - 13 potions of curing
 s - 4 potions of agility
 t - 2 potions of haste
 v - 2 potions of cancellation
 D - 2 potions of resistance
 J - a potion of magic
 T - a potion of invisibility
 U - 6 potions of brilliance
Miscellaneous
 y - a phial of floods
   (You bought it in a shop on level 1 of the Elven Halls)
Comestibles
 c - 8 bread rations
 h - 13 slices of pizza
 z - 12 meat rations
 O - 15 fruits


   Skills:
 + Level 13.5 Fighting
 + Level 18.0 Axes
 + Level 12.4 Armour
 + Level 12.4 Dodging


You had 15 spell levels left.
You didn't know any spells.

Dungeon Overview and Level Annotations

Branches:
Dungeon (15/15)            Temple (0/1) D:7            Lair (8/8) D:9
 Spider (0/4) Lair:3        Slime (0/6) Lair:6          Orc (4/4) D:12
    Elf (2/3) Orc:3        Vaults (0/5) D:13         Depths (0/5) D:15
  Swamp: Lair:3-6    Shoals: Lair:3-6

Altars:
Ashenzari
Dithmenos
Fedhas
Gozag
Kikubaaqudgha
Makhleb
Nemelex Xobeh
Okawaru
Ru
Yredelemnul
Zin
The Shining One
Beogh

Shops:
D:4 %   D:7 %   D:9 *   Orc:2 [   Orc:4 ([?[   Elf:1 }

Portals:
Trove: D:13 (show slimy rune of Zot)

Annotations:
Lair:4 exclusion: water moccasin
Lair:6 exclusion: 4 oklob plants


Innate Abilities, Weirdness & Mutations

You have a pair of large horns on your head.
You are completely covered in yellow scales (AC +4, rCorr).
A weak demonic guardian rushes to your aid.
You are very robust (+20% HP).
When hurt, damage is shared between your health and your magic reserves.
You have sharp toenails.
Your skin changes colour to match your surroundings (Stealth).
You are clumsy. (Dex -2)
Your body sometimes deteriorates upon taking damage.
Your magical capacity is low (-10% MP).
You can spit poison.
Your muscles are strong. (Str +2)
Your spells are harder to cast, but more powerful.
Potions and wands are less effective at restoring your health.
You expend magic power (3 MP) to strengthen your wands.


Message History

You slice the crawling corpse!!
You destroy the crawling corpse!
You closely miss the war axe of flaming.
The war axe of flaming is severely damaged.
You slice the mace of holy wrath!!
The mace of holy wrath is almost destroyed.
You feel sick.
The trident of protection hits you but does no damage.
The war axe of flaming misses you. The glaive of venom hits you!!
* * * LOW HITPOINT WARNING * * *
You are lethally poisoned!
You slash the deep elf priest!
You feel better.
You kill the deep elf priest!
Trog accepts your kill.
You hit the mace of holy wrath but do no damage.
The mace of holy wrath is almost destroyed.
You slash the war axe of flaming!
The war axe of flaming falls from the air.
You hit the glaive of venom.
The glaive of venom is severely damaged.
You barely miss the trident of protection.
The trident of protection is heavily damaged.
* * * LOW HITPOINT WARNING * * *
You feel very sick.
The mace of holy wrath hits you but does no damage.
The trident of protection hits you but does no damage.
You hit the glaive of venom but do no damage.
You headbutt the glaive of venom, but do no damage.
The glaive of venom is severely damaged.
You hit the crawling corpse.
You feel the power of Trog in you as your rage grows.
You destroy the crawling corpse!
You hit the mace of holy wrath.
The mace of holy wrath falls from the air.
You barely miss the trident of protection.
The trident of protection is moderately damaged.
* * * LOW HITPOINT WARNING * * *
You feel sick. The glaive of venom hits you!
* * * LOW HITPOINT WARNING * * *
You are more poisoned.
You slash the glaive of venom!
The glaive of venom falls from the air.
You slice the trident of protection!!
The trident of protection falls from the air.
* * * LOW HITPOINT WARNING * * *
You feel very sick.
Unknown command.
* * * LOW HITPOINT WARNING * * *
You feel very sick.
You see here a glaive of venom.
You feel a strong urge to attack something.
You feel the effects of Trog's Hand fading.
* * * LOW HITPOINT WARNING * * *
You feel very sick.
* * * LOW HITPOINT WARNING * * *
You feel very sick.
You feel your anger subside.
* * * LOW HITPOINT WARNING * * *
You feel very sick.
You are no longer berserk.
You are exhausted.
You feel yourself slow down.
You are near starving!
You die...

#'###........#.... ...
#####...######.... .....
##.......## #..## #.....
##....#....## #..#####......
#....###....# ##...##)).......
#...## ##...###.....))).......
...).###.....#......))).......
..#...#...#..##..............
.###.....###.###@............
..#.......#..###.............
#.....#.....###.............
#...........##.............
#..###.###..###...........
####.#.#.#### ##....#...
####')')'#### ##...###.
#...........###...##
.............#.....##


There were no monsters in sight!

Vanquished Creatures
  Norris (D:13)
  Saint Roka (Orc:4)
  Rupert (D:13)
  Asterion (Elf:1)
  Gastronok (D:8)
  Roxanne (D:14)
  The ghost of namelastname112 the Sharpshooter, a mighty DrHu of Okawaru (Elf:1)
  2 deep elf sorcerers
  Donald (D:13)
  Louise (D:15)
  4 rakshasas
  2 deep elf demonologists
  Azrael (D:15)
  Josephine (D:14)
  4 hydras
  An ice dragon (D:13)
  3 catoblepae (Lair:8)
  5 centaur warriors
  9 dancing weapons (Elf:2)
  An alligator (shapeshifter) (D:15)
  11 death yaks
  A tengu warrior (D:14)
  2 orc high priests
  Nergalle (Orc:1)
  An efreet (D:14)
  8 deep elf knights
  4 skeletal warriors (D:14)
  The ghost of Vidiiot the Cleaver, an experienced MiBe of Trog (D:9)
  A fire crab (Lair:8)
  3 unseen horrors
  A wolf spider zombie (D:14)
  13 deep elf summoners
  3 orc knights
  A deep elf conjurer (Elf:1)
  7 hill giants
  3 ugly things
  4 cyclopes
  3 orc sorcerers (Orc:4)
  2 manticores (D:14)
  7 slime creatures
  Maurice (D:9)
  38 elephants
  4 gargoyles
  A torpor snail (Lair:6)
  6 spiny frogs
  A queen ant (Lair:7)
  4 black mambas
  3 centaur skeletons
  7 komodo dragons
  2 tengu conjurers
  2 demonic crawlers (Elf:1)
  A fire drake (Lair:6)
  6 deep elf priests
  A harpy zombie (D:14)
  4 trolls
  2 freezing wraiths (D:14)
  3 blink frogs (Lair:7)
  A jumping spider (shapeshifter) (D:15)
  A hornet zombie (D:14)
  A boulder beetle (Lair:3)
  4 ravens
  A trapdoor spider (D:14)
  6 redbacks
  3 shadows
  2 tarantellas (Elf:1)
  5 wraiths
  A centaur simulacrum (D:14)
  2 fire elementals (D:15)
  4 basilisks
  65 yaks
  17 humans
  4 wyverns
  3 hungry ghosts
  12 deep elf magi
  A hippogriff (shapeshifter) (D:15)
  12 deep elf fighters
  Edmund (D:5)
  6 wargs
  A swamp worm (Lair:4)
  9 hippogriffs
  4 vampire mosquitoes (D:15)
  2 mottled dragons
  17 water moccasins
  2 wasps
  6 soldier ants
  33 orc warriors
  9 porcupines
  A sky beast (D:14)
  2 black bears
  A necrophage (D:10)
  4 hell hounds (D:15)
  10 ogres
  2 eyes of draining
  2 ice beasts
  5 boggarts (D:15)
  2 phantoms (D:12)
  4 centaurs
  A big kobold (D:10)
  A gnoll sergeant (D:12)
  2 boring beetles
  10 crocodiles
  16 giant frogs
  A wyvern zombie (D:15)
  2 water moccasin zombies
  A wyvern skeleton (D:14)
  3 scorpions
  2 troll zombies (D:12)
  5 killer bees (D:11)
  An electric eel (Lair:2)
  6 wights
  A centaur zombie (Ossuary)
  2 goliath beetles (Lair:3)
  6 crimson imps
  2 giant frog zombies
  5 jellies
  16 hell rats
  A giant frog skeleton (D:8)
  7 hounds
  3 quasits
  9 iguanas
  39 orc wizards
  Natasha (thrice) (D:2)
  32 orc priests
  31 sheep
  21 worker ants
  A killer bee zombie (D:8)
  4 big kobold zombies (Ossuary)
  4 ogre zombies (D:12)
  A hound skeleton (D:11)
  A hound zombie (D:6)
  4 mummies (Ossuary)
  3 gnolls (D:12)
  10 adders
  4 shadow imps
  69 river rats
  An ufetubus (D:15)
  2 oozes
  An adder skeleton (D:7)
  4 worms
  215 orcs
  2 ball pythons
  15 bats
  A bat skeleton (D:7)
  6 giant cockroaches
  14 hobgoblins
  6 jackals
  4 quokkas
  4 giant geckos
  A giant gecko skeleton (D:5)
  2 giant newts
  3 giant spores
  17 goblins
  3 goblin skeletons (D:12)
  3 goblin zombies (D:12)
  3 hobgoblin zombies
  12 kobolds
  2 orc skeletons (D:12)
  9 orc zombies (D:12)
  11 rats
  4 spectral orcs (Orc:1)
  6 ballistomycetes
  2 crawling corpses (Elf:2)
  A fungus (Lair:7)
  4 plants
1161 creatures vanquished.

Vanquished Creatures (collateral kills)
  2 hydras
  A deep elf summoner (Elf:1)
  A hill giant (D:10)
  An elephant (Lair:5)
  Psyche (D:8)
  A spiny frog (Lair:3)
  An efreet (D:14)
  A yak (Lair:6)
  A basilisk (Lair:4)
  A hippogriff (D:9)
  A water moccasin (Lair:5)
  A porcupine (Lair:5)
  A wandering mushroom (D:9)
  A phantom (D:4)
  An orc warrior (Orc:4)
  2 ogres
  An orc wizard (Orc:1)
  A mummy (Ossuary)
  A river rat (Lair:4)
  7 orcs
  A fungus (Lair:6)
29 creatures vanquished.

Vanquished Creatures (others)
  16 spiders
  An ogre (Lair:1)
  A scorpion (Lair:5)
  24 crimson imps
  35 quasits
  31 iron imps
  29 white imps
  24 ufetubi
  An orc (Orc:2)
  2 giant cockroaches
  2 fungi
166 creatures vanquished.

Grand Total: 1356 creatures vanquished

Notes
Turn   | Place    | Note
--------------------------------------------------------------
     0 | D:1      | kroki, the Demonspawn Berserker, began the quest for the Orb.
     0 | D:1      | Reached XP level 1. HP: 18/18 MP: 1/1
   113 | D:1      | Reached skill level 3 in Axes
   252 | D:1      | Gained mutation: A weak demonic guardian rushes to your aid. [demonic ancestry]
   252 | D:1      | Reached XP level 2. HP: 21/24 MP: 2/2
   706 | D:2      | Noticed Natasha
   713 | D:2      | Killed Natasha
   713 | D:2      | Reached skill level 4 in Axes
   713 | D:2      | Gained mutation: You are partially covered in yellow scales (AC +2). [demonic ancestry]
   713 | D:2      | Reached XP level 3. HP: 29/29 MP: 3/3
   757 | D:2      | Noticed Natasha
   762 | D:2      | Killed Natasha
   762 | D:2      | Acquired Trog's second power
  1081 | D:2      | Noticed Natasha
  1084 | D:2      | Killed Natasha
  1084 | D:2      | Gained mutation: When hurt, damage is shared between your health and your magic reserves. [demonic ancestry]
  1084 | D:2      | Reached XP level 4. HP: 35/35 MP: 4/4
  1792 | D:3      | Found a basalt altar of Yredelemnul.
  1816 | D:3      | Found a blossoming altar of Fedhas.
  1816 | D:3      | Found an ancient bone altar of Kikubaaqudgha.
  1872 | D:3      | Reached skill level 5 in Axes
  1961 | D:3      | Gained mutation: You have a pair of small horns on your head. [demonic ancestry]
  1961 | D:3      | Reached XP level 5. HP: 37/41 MP: 5/5
  2649 | D:4      | Found Saufyrr's Food Shoppe.
  2656 | D:4      | Found a shadowy altar of Dithmenos.
  2709 | D:4      | Reached skill level 6 in Axes
  2711 | D:4      | Reached XP level 6. HP: 47/47 MP: 4/6
  2800 | D:4      | Found a sand-covered staircase.
  2812 | Ossuary  | Entered an ossuary
  3035 | Ossuary  | Reached skill level 7 in Axes
  3198 | D:4      | Found an opulent altar of Gozag.
  3240 | D:4      | Noticed a phantom
  3253 | D:4      | Killed a phantom
  3253 | D:4      | Gained mutation: You are mostly covered in yellow scales (AC +3). [demonic ancestry]
  3253 | D:4      | Reached XP level 7. HP: 34/52 MP: 5/7
  3608 | D:5      | Entered Level 5 of the Dungeon
  3613 | D:5      | Reached skill level 8 in Axes
  3787 | D:5      | Noticed Edmund
  3799 | D:5      | Killed Edmund
  4117 | D:6      | Reached skill level 9 in Axes
  4117 | D:6      | Gained mutation: You are completely covered in yellow scales (AC +4, rCorr). [demonic ancestry]
  4117 | D:6      | Reached XP level 8. HP: 40/58 MP: 5/8
  4138 | D:6      | Acquired Trog's third power
  4169 | D:6      | Found a glowing silver altar of Zin.
  4276 | D:6      | Gained mutation: Your spells are a little harder to cast, but a little more powerful. [potion of mutation]
  4276 | D:6      | Gained mutation: Your body sometimes deteriorates upon taking damage. [potion of mutation]
  4277 | D:6      | Gained mutation: You can spit weak poison. [potion of mutation]
  4277 | D:6      | Gained mutation: You have sharp toenails. [potion of mutation]
  4277 | D:6      | Gained mutation: You expend magic power (3 MP) to strengthen your wands. [potion of mutation]
  4592 | D:6      | Found a shattered altar of Ashenzari.
  4967 | D:6      | Found a glowing golden altar of the Shining One.
  5330 | D:7      | Reached skill level 10 in Axes
  5469 | D:7      | Found a staircase to the Ecumenical Temple.
  5635 | D:7      | Found an iron altar of Okawaru.
  5712 | D:7      | Reached skill level 11 in Axes
  5712 | D:7      | Gained mutation: You have a pair of horns on your head. [demonic ancestry]
  5712 | D:7      | Reached XP level 9. HP: 63/63 MP: 7/9
  5749 | D:7      | Found a sparkling altar of Nemelex Xobeh.
  5806 | D:7      | Found Goisek's Food Shop.
  5843 | D:8      | Noticed Psyche
  5851 | D:8      | Killed Psyche
  5909 | D:8      | Noticed Gastronok
  5916 | D:8      | Killed Gastronok
  5916 | D:8      | Reached skill level 13 in Axes
  5916 | D:8      | Reached XP level 10. HP: 70/70 MP: 7/10
  6205 | D:8      | Found a sacrificial altar of Ru.
  6293 | D:8      | Noticed Maurice
  6567 | D:8      | Found a burning altar of Makhleb.
  7261 | D:9      | Found a staircase to the Lair.
  7303 | D:9      | Noticed Vidiiot's ghost (experienced MiBe)
  7319 | D:9      | Killed Vidiiot's ghost
  7328 | D:9      | Found Bonliog's Assorted Antiques.
  7356 | D:9      | Killed Maurice
  7356 | D:9      | Reached skill level 14 in Axes
  7372 | D:9      | Got a shimmering falchion
  7376 | D:9      | Bought a scroll labeled SUDEIV EBED for 22 gold pieces
  7376 | D:9      | Bought a forked bone wand for 88 gold pieces
  7376 | D:9      | Bought 3 scrolls labeled YXKOMI KANOEWK for 66 gold pieces
  7386 | D:9      | Bought a scroll of identify for 44 gold pieces
  7386 | D:9      | Identified the +7 falchion of Watchfulness {drain, SInv} (You found it on level 9 of the Dungeon)
  7775 | Lair:1   | Entered Level 1 of the Lair of Beasts
  7823 | Lair:1   | Reached skill level 2 in Armour
  7864 | Lair:1   | Reached skill level 2 in Dodging
  7946 | Lair:1   | Noticed a four-headed hydra
  7958 | Lair:1   | Killed a four-headed hydra
  8380 | Lair:1   | Reached skill level 3 in Dodging
  8380 | Lair:1   | Gained mutation: You are robust (+10% HP). [demonic ancestry]
  8380 | Lair:1   | Reached XP level 11. HP: 68/83 MP: 9/11
  8700 | Lair:2   | Received a gift from Trog
  8707 | Lair:2   | Reached skill level 3 in Armour
  8744 | Lair:2   | Reached skill level 4 in Fighting
  9161 | Lair:2   | Reached skill level 4 in Dodging
  9179 | Lair:2   | Reached skill level 4 in Armour
  9217 | Lair:2   | Reached skill level 5 in Fighting
  9828 | Lair:3   | Reached skill level 5 in Dodging
  9828 | Lair:3   | Reached skill level 15 in Axes
  9831 | Lair:3   | Reached skill level 5 in Armour
  9832 | Lair:3   | Reached skill level 6 in Fighting
  9903 | Lair:3   | Gained mutation: You can spit poison. [potion of beneficial mutation]
  9960 | Lair:3   | Found a hole to the Spider Nest.
 10293 | Lair:3   | Gained mutation: Potions and wands are less effective at restoring your health. [potion of mutation]
 10293 | Lair:3   | Gained mutation: Your skin changes colour to match your surroundings (Stealth). [potion of mutation]
 10688 | Lair:4   | Received a gift from Trog
 10736 | Lair:4   | Noticed a five-headed hydra
 10741 | Lair:4   | Killed a five-headed hydra
 10741 | Lair:4   | Reached XP level 12. HP: 96/96 MP: 8/12
 10954 | Lair:4   | Reached skill level 6 in Dodging
 11018 | Lair:4   | Reached skill level 6 in Armour
 11045 | Lair:4   | Reached skill level 7 in Fighting
 11548 | Lair:5   | Reached skill level 7 in Dodging
 11861 | Lair:5   | Reached skill level 8 in Fighting
 11866 | Lair:5   | Reached skill level 7 in Armour
 12046 | Lair:5   | Noticed a six-headed hydra
 12088 | Lair:5   | Killed a six-headed hydra
 12420 | Lair:6   | Found a staircase to the Slime Pits.
 12480 | Lair:6   | Reached XP level 13. HP: 64/107 MP: 8/13
 13174 | Lair:7   | Reached skill level 8 in Dodging
 13604 | Lair:7   | Received a gift from Trog
 13823 | Lair:7   | Reached skill level 8 in Armour
 13827 | Lair:7   | Reached skill level 9 in Fighting
 13833 | Lair:7   | Reached skill level 16 in Axes
 14098 | Lair:8   | Entered Level 8 of the Lair of Beasts
 14177 | Lair:8   | Found a sacrificial altar of Ru.
 14605 | Lair:8   | Reached skill level 9 in Dodging
 14626 | Lair:8   | Received a gift from Trog
 14671 | Lair:8   | Reached skill level 9 in Armour
 14671 | Lair:8   | Gained mutation: You have a pair of large horns on your head. [demonic ancestry]
 14671 | Lair:8   | Reached XP level 14. HP: 45/119 MP: 3/14
 14776 | Lair:8   | Reached skill level 10 in Fighting
 14849 | Lair:8   | Gained mutation: Your spells are harder to cast, but more powerful. [potion of mutation]
 14849 | Lair:8   | Gained mutation: You are clumsy. (Dex -2) [potion of mutation]
 15326 | D:10     | Entered Level 10 of the Dungeon
 16807 | D:12     | Found a staircase to the Orcish Mines.
 16847 | D:12     | Received a gift from Trog
 17080 | D:12     | Paralysed by a wasp for 1 turns
 17430 | Orc:1    | Entered Level 1 of the Orcish Mines
 17430 | Orc:1    | Found a roughly hewn altar of Beogh.
 17649 | Orc:2    | Found Zaazaij's Antique Armour Emporium.
 17683 | Orc:2    | Bought a runed chain mail for 126 gold pieces
 17774 | Orc:2    | Found a roughly hewn altar of Beogh.
 17806 | Orc:2    | Received a gift from Trog
 17889 | Orc:2    | Found a roughly hewn altar of Beogh.
 18083 | Orc:1    | Noticed Nergalle
 18103 | Orc:1    | Killed Nergalle
 18402 | Orc:3    | Received a gift from Trog
 18595 | Orc:3    | Found a staircase to the Elven Halls.
 18776 | Orc:3    | Reached skill level 10 in Armour
 19105 | Orc:3    | Upgraded the game from 0.17-a0-854-g4a4ba72 to 0.17-a0-870-gcb215c1
 19127 | Orc:4    | Entered Level 4 of the Orcish Mines
 19234 | Orc:4    | Reached skill level 10 in Dodging
 19278 | Orc:4    | Received a gift from Trog
 19372 | Orc:4    | Found a roughly hewn altar of Beogh.
 19374 | Orc:4    | Found Jipotz's Magic Scroll Shop.
 19408 | Orc:4    | Bought a scroll of silence for 90 gold pieces
 19408 | Orc:4    | Bought a scroll of enchant weapon for 90 gold pieces
 19408 | Orc:4    | Bought a scroll of identify for 24 gold pieces
 19408 | Orc:4    | Bought a scroll of fear for 42 gold pieces
 19408 | Orc:4    | Bought a scroll of identify for 24 gold pieces
 19408 | Orc:4    | Bought a scroll of enchant armour for 90 gold pieces
 19408 | Orc:4    | Bought a scroll of identify for 24 gold pieces
 19455 | Orc:4    | Noticed Saint Roka
 19508 | Orc:4    | Killed Saint Roka
 19508 | Orc:4    | Reached skill level 11 in Fighting
 19575 | Orc:4    | Found Sibet's Antique Weapon Emporium.
 19575 | Orc:4    | Found a roughly hewn altar of Beogh.
 19588 | Orc:4    | Found Juliuc's Antique Armour Shoppe.
 19603 | Orc:4    | Bought a pair of embroidered gloves for 153 gold pieces
 19721 | Orc:4    | Found a roughly hewn altar of Beogh.
 19853 | Orc:4    | Found a roughly hewn altar of Beogh.
 19902 | Orc:4    | Received a gift from Trog
 20000 | Orc:4    | Found a roughly hewn altar of Beogh.
 20003 | Orc:4    | Found Syzifi Qiwo's Antique Armour Emporium.
 20022 | Orc:4    | Bought a pair of fine gloves for 342 gold pieces
 20034 | Orc:4    | Identified the cursed +0 pair of gloves "Xueqotal" {+Blink Int+4} (You bought it in a shop on level 4 of the Orcish Mines)
 20396 | D:13     | Reached skill level 17 in Axes
 20396 | D:13     | Gained mutation: You are very robust (+20% HP). [demonic ancestry]
 20396 | D:13     | Reached XP level 15. HP: 117/142 MP: 11/15
 20681 | D:13     | Found a shattered altar of Ashenzari.
 20702 | D:13     | Noticed Donald
 20702 | D:13     | Noticed Rupert
 20704 | D:13     | Noticed Norris
 20730 | D:13     | Killed Rupert
 20746 | D:13     | Killed Donald
 20802 | D:13     | Found a gate to the Vaults.
 20820 | D:13     | Found a portal to a secret trove of treasure.
 20898 | D:13     | Killed Norris
 21339 | D:14     | Received a gift from Trog
 21460 | D:14     | Noticed Josephine
 21473 | D:14     | Killed Josephine
 21568 | D:14     | Reached skill level 11 in Armour
 21589 | D:14     | Gained mutation: Your magical capacity is low (-10% MP). [mutagenic meat]
 21590 | D:14     | Gained mutation: Your muscles are strong. (Str +2) [mutagenic meat]
 21617 | D:14     | Reached skill level 11 in Dodging
 21699 | D:14     | Reached skill level 12 in Fighting
 21800 | D:14     | Noticed Roxanne
 21836 | D:14     | Killed Roxanne
 22412 | D:15     | Entered Level 15 of the Dungeon
 22463 | D:15     | Noticed Louise
 22485 | D:15     | Killed Louise
 22691 | D:15     | Noticed Azrael
 22711 | D:15     | Killed Azrael
 22711 | D:15     | Reached XP level 16. HP: 125/154 MP: 7/14
 23138 | D:15     | Received a gift from Trog
 23143 | D:15     | Found a staircase to the Depths.
 23425 | Elf:1    | Entered Level 1 of the Elven Halls
 23512 | Elf:1    | Noticed namelastname112's ghost (mighty DrHu)
 23542 | Elf:1    | Killed namelastname112's ghost
 23713 | Elf:1    | Reached skill level 13 in Fighting
 23961 | Elf:1    | Noticed Asterion
 23974 | Elf:1    | Received a gift from Trog
 23974 | Elf:1    | Reached skill level 12 in Armour
 23974 | Elf:1    | Reached skill level 12 in Dodging
 23987 | Elf:1    | Noticed a spectral weapon
 23990 | Elf:1    | Killed Asterion
 24039 | Elf:1    | Found Rouhutod's Gadget Boutique.
 24047 | Elf:1    | Bought a wand of disintegration (7) for 209 gold pieces
 24047 | Elf:1    | Bought a phial of floods for 760 gold pieces
 24120 | Elf:1    | Got a pair of faintly glowing gloves
 24131 | Elf:1    | Identified the +1 pair of gloves of the Dropbear {-Tele rF+ rN+ Int+5} (You found it on level 1 of the Elven Halls)
 24408 | Elf:2    | Noticed a Hell Sentinel
 24466 | Elf:2    | Found a huge runed gate.
 24467 | Elf:2    | Found a huge runed gate.
 24467 | Elf:2    | Found a huge runed gate.
 24467 | Elf:2    | Found a huge runed gate.
 24467 | Elf:2    | Found a huge runed gate.
 24619 | Elf:2    | Received a gift from Trog
 24935 | Elf:2    | Reached skill level 18 in Axes
 24953 | Elf:2    | HP: 11/235 [poisoned by a glaive of venom]
 24956 | Elf:2    | HP: 3/235 [poisoned by a glaive of venom]
 24957 | Elf:2    | Succumbed to a glaive of venom's poison

Action                   |  1- 3 |  4- 6 |  7- 9 | 10-12 | 13-15 | 16-18 || total
-------------------------+-------+-------+-------+-------+-------+-------++-------
Melee: Hand axe          |    65 |    41 |   235 |   322 |       |       ||   663
       War axe           |       |   146 |     5 |       |       |       ||   151
       Battleaxe         |       |       |       |   401 |  1466 |   332 ||  2199
Throw: Stone             |    47 |    35 |    42 |    39 |    79 |     6 ||   248
Invok: Berserk           |     5 |     2 |     5 |     9 |     8 |     3 ||    32
       Trog's Hand       |       |       |       |     6 |    10 |     5 ||    21
       Brothers in Arms  |       |       |       |     1 |       |       ||     1
       Burn Spellbooks   |       |       |       |     1 |     2 |     2 ||     5
Evoke: Wand              |       |     9 |       |     5 |    10 |     3 ||    27
       Sack of spiders   |       |       |       |    12 |     2 |       ||    14
  Use: Scroll            |     7 |     4 |     5 |    14 |    16 |     5 ||    51
       Potion            |       |     1 |     2 |    10 |    10 |       ||    23
 Stab: Held in net/web   |       |     1 |       |       |       |       ||     1
       Confused          |       |       |       |     4 |       |       ||     4
       Distracted        |       |       |       |     3 |    14 |     3 ||    20
  Eat: Chunk             |     4 |    10 |    14 |    17 |    34 |     6 ||    85
       Bread ration      |       |       |     1 |     4 |     2 |     1 ||     8
       Royal jelly       |       |       |       |       |     2 |       ||     2
       Beef jerky        |       |       |       |       |     2 |       ||     2
       Meat ration       |       |       |       |       |     1 |       ||     1
